 Dungeon Crawl Stone Soup version 0.29.0-4-gdea44cf6ec (webtiles) character file.

Game seed: 6976929170401292510

98 qw the Chopper (level 4, 0/26 HPs)
             Began as a Tengu Warper on Aug 28, 2022.
             Slain by an orc priest
             ... wielding a +0 trident
              (2 damage)
             ... on level 3 of the Dungeon.
             The game lasted 00:00:14 (3302 turns).

qw the Chopper (Tengu Warper)                       Turns: 3302, Time: 00:00:14

Health: 0/26       AC:  8    Str: 11 (13) XL:     4   Next: 71%
Magic:  8/8        EV:  5    Int: 13 (14) God:
Gold:   68         SH:  0    Dex: 10 (13) Spells: 7/7 levels left

rFire   . . .      SeeInvis .   Y - +0 hand axe
rCold   . . .      Faith    .   (no shield)
rNeg    . . .      Spirit   .   n - +0 chain mail
rPois   .          Reflect  .   (helmet restricted)
rElec   .          Harm     .   (no cloak)
rCorr   .          Rampage  .   (no gloves)
Will    .....                   (boots unavailable)
Stlth   ..........              (no amulet)
HPRegen 0.08/turn               (no ring)
MPRegen 0.11/turn               (no ring)

@: about to teleport
A: beak, talons 3
a: no special abilities


You were on level 3 of the Dungeon.
You visited 1 branch of the dungeon, and saw 3 of its levels.

You collected 68 gold pieces.


Innate Abilities, Weirdness & Mutations

You have a beak for a mouth.
You have claws for feet.


   Skills:
 - Level 2.0 Fighting
 + Level 5.2 Axes
 - Level 1.0 Throwing
 - Level 1.1 Armour
 - Level 2.1 Dodging
 - Level 2.0 Spellcasting
 - Level 2.4 Translocations


You had 7 spell levels left.
You didn't know any spells.
Your spell library contained the following spells:

 Spells                   Type           Power      Damage    Failure   Level
 Blink                    Tloc           14%        N/A       100%        2
 Gell's Gravitas          Tloc           7%         N/A       100%        3
 Lesser Beckoning         Tloc           7%         N/A       100%        3
 Teleport Other           Tloc           7%         N/A       100%        3
 Manifold Assault         Tloc           7%         N/A       100%        5

Inventory:

Hand Weapons
 d - a +0 club
 Y - a +0 hand axe (weapon)
Armour
 a - a +0 plate armour
 n - a +0 chain mail (worn)
Potions
 f - a potion of brilliance {unknown}
 h - a potion of curing {unknown}
 m - a potion of heal wounds {unknown}

Dungeon Overview and Level Annotations

Branches:
Dungeon (3/15)

Altars:


Message History

The orc hits you with a +0 dagger.
You hit the orc but do no damage. Your kick misses the orc.
You peck the orc, but do no damage. The orc hits you but does no damage.
You barely miss the orc. You claw the orc.
The orc is heavily wounded.
You hit the orc but do no damage. The orc hits you but does no damage.
You hit the orc. Your peck misses the orc.
The orc is almost dead.
You barely miss the orc. The orc hits you but does no damage.
The orc priest invokes the aid of Beogh against you.
Pain shoots through your body! The orc barely misses you.
You hit the orc but do no damage.
The orc is almost dead.
You hit the orc.
The orc priest calls down the wrath of Beogh upon you.
Pain shoots through your body! The orc hits you but does no damage. x2
You hit the orc.
You kill the orc!
You hit the orc. The orc priest barely misses you.
The orc hits you with a +0 dagger.
You barely miss the orc. You claw the orc.
You kill the orc!
The orc priest hits you from afar with a +0 trident.
The orc priest hits you with a +0 trident.
3299 ||| READING scroll of teleportation.
As you read the scroll of teleportation, it crumbles to dust.
You feel strangely unstable.
The orc priest hits you with a +0 trident.
You hit the orc priest but do no damage.
The orc priest hits you but does no damage.
You barely miss the orc priest.
You claw the orc priest, but do no damage.
The orc priest hits you but does no damage.
You hit the orc priest. Your kick misses the orc priest.
The orc priest is moderately wounded.
The orc priest hits you with a +0 trident.
You die...

... ##. ...
#.. ..##.#
..#.#
...###
....##
#o...#
#######@)#
#.......)#
..#####.##
######.#
#..(...#
.#...(..###
..........#
..........#
........###


You could see an orc priest.

Vanquished Creatures
  Robin (D:2)
  2 adders (D:2)
  A worm (D:2)
  A dart slug (D:1)
  2 orcs (D:3)
  6 endoplasms
  3 giant cockroaches
  10 goblins
  10 hobgoblins
  5 jackals
  A quokka (D:2)
  5 ball pythons
  4 bats (D:1)
  A frilled lizard (D:2)
  2 rats
54 creatures vanquished.

Notes
Turn   | Place    | Note
-------+----------+-------------------------------------------
     0 | D:1      | qw the Tengu Warper began the quest for the Orb.
     0 | D:1      | Reached XP level 1. HP: 12/12 MP: 4/4
     0 | D:1      | 0 ||| qw: Version: 0.1-a-89-g26bdef1
     0 | D:1      | 0 ||| qw: Game counter: 3105
     0 | D:1      | 0 ||| qw: Always use a shield: true
     0 | D:1      | 0 ||| qw: God list: Okawaru
     0 | D:1      | 0 ||| qw: Allow faded altars: false
     0 | D:1      | 0 ||| qw: Do Orc after D:15 true
     0 | D:1      | 0 ||| qw: Do second Lair branch before Depths: true
     0 | D:1      | 0 ||| qw: Lair rune preference: random
     0 | D:1      | 0 ||| qw: Plans: Normal
     0 | D:1      | 0 ||| PLANNING D:1-11
   188 | D:1      | 188 ||| Stepping ~*~*~tactically~*~*~ (hiding).
   295 | D:1      | 295 ||| Stepping ~*~*~tactically~*~*~ (hiding).
   397 | D:1      | 397 ||| Stepping ~*~*~tactically~*~*~ (hiding).
   499 | D:1      | 499 ||| Stepping ~*~*~tactically~*~*~ (hiding).
   616 | D:1      | Reached XP level 2. HP: 17/17 MP: 6/6
   628 | D:1      | Reached skill level 3 in Axes
   649 | D:1      | HP: 2/17 [frozen (4)]
  1239 | D:1      | Reached XP level 3. HP: 17/21 MP: 7/7
  1565 | D:1      | Reached skill level 4 in Axes
  1726 | D:1      | 1726 ||| READING scroll labelled TITOUT TAOSAOFIEF.
  1730 | D:1      | 1730 ||| READING scroll labelled ZOILIM POGHAT.
  1731 | D:1      | 1731 ||| DROPPING scroll of blinking.
  2104 | D:2      | Identified the +0 robe of a bailey {rN+ Regen+ Dex+3}
  2140 | D:2      | 2140 ||| Stepping ~*~*~tactically~*~*~ (stealth).
  2181 | D:2      | 2181 ||| Stepping ~*~*~tactically~*~*~ (stealth).
  2182 | D:2      | 2182 ||| Stepping ~*~*~tactically~*~*~ (stealth).
  2265 | D:2      | Reached XP level 4. HP: 23/26 MP: 8/8
  2299 | D:2      | 2299 ||| Stepping ~*~*~tactically~*~*~ (stealth).
  2301 | D:2      | 2301 ||| Stepping ~*~*~tactically~*~*~ (stealth).
  2303 | D:2      | 2303 ||| Stepping ~*~*~tactically~*~*~ (stealth).
  2760 | D:2      | Noticed Robin
  2761 | D:2      | 2761 ||| Stepping ~*~*~tactically~*~*~ (hiding).
  2778 | D:2      | Killed Robin
  2779 | D:2      | Reached skill level 5 in Axes
  2808 | D:2      | 2808 ||| FLEEEEING.
  2809 | D:2      | 2809 ||| FLEEEEING.
  2810 | D:2      | 2810 ||| FLEEEEING.
  3078 | D:2      | 3078 ||| UPGRADING to +0 robe of a bailey {rN+ Regen+
                  | Dex+3}.
  3088 | D:2      | 3088 ||| DROPPING +0 leather armour.
  3089 | D:2      | 3089 ||| UPGRADING to +2 leather armour of poison
                  | resistance.
  3099 | D:2      | 3099 ||| DROPPING +0 robe of a bailey {rN+ Regen+ Dex+3}.
  3100 | D:2      | 3100 ||| UPGRADING to +0 chain mail.
  3110 | D:2      | 3110 ||| DROPPING +2 leather armour of poison resistance.
  3111 | D:2      | 3111 ||| READING scroll labelled COILLIYVAV.
  3112 | D:2      | 3112 ||| READING scroll labelled APHOESAAKY.
  3113 | D:2      | 3113 ||| READING scroll labelled YREGOO LELERCHIFE.
  3114 | D:2      | 3114 ||| DRINKING 2 clear potions.
  3115 | D:2      | 3115 ||| DRINKING 3 lumpy clear potions.
  3140 | D:2      | 3140 ||| DROPPING potion of degeneration.
  3141 | D:2      | 3141 ||| DROPPING 2 potions of lignification.
  3234 | D:3      | 3234 ||| PLANNING SEWER
  3287 | D:3      | 3287 ||| Stepping ~*~*~tactically~*~*~ (hiding).
  3298 | D:3      | HP: 3/26 [orc priest/+0 trident (6)]
  3299 | D:3      | 3299 ||| READING scroll of teleportation.
  3302 | D:3      | Slain by an orc priest

Levels and vault maps discovered:
D:1:      roderic_octagonal_star, layout_basic, minmay_misc_feat_doors,
          chequers_serial_rivers_room_b
D:2:      layout_basic, uniq_robin
D:3:      layout_rooms, portal_sewer_entry_d, serial_shops, shop

Skill      XL: |  1  2  3  4 |
---------------+-------------+-----
Axes           | 3 4 5 |  5.2
Fighting       | |  2.0
Throwing       | |  1.0
Armour         | |  1.1
Dodging        | |  2.1
Spellcasting   | |  2.0
Translocations | |  2.4

Action                   |  1- 3 |  4- 6 || total
-------------------------+-------+-------++-------
Melee: Hand axe          |    71 |    46 ||   117
       Kick              |    27 |    11 ||    38
       Peck              |     5 |     8 ||    13
Throw: Boomerang         |     7 |       ||     7
  Use: Scroll            |     2 |     4 ||     6
       Potion            |       |     2 ||     2
Armor: Leather armour    |    17 |     5 ||    22
       Chain mail        |       |    10 ||    10
Dodge: Dodged            |    31 |    17 ||    48

Table legend:
 A = Non-vault XP
 B = Vault XP
 C = Vault XP percentage of total XP
 D = Non-vault monster count
 E = Vault monster count
 F = Vault count percentage of total count
                 A         B        C        D         E       F
            +---------+---------+-------+---------+---------+-------
      Total |     110 |      31 |  22.0 |      45 |       9 |  16.7
            +---------+---------+-------+---------+---------+-------
        D:1 |      45 |       0 |   0.0 |      25 |       0 |   0.0
        D:2 |      55 |      31 |  36.0 |      16 |       9 |  36.0
        D:3 |      10 |       0 |   0.0 |       4 |       0 |   0.0
            +---------+---------+-------+---------+---------+-------
